 Dungeon Sprint DCSS version 0.17-a0-1133-gfb1399f (webtiles) character file.

2 Zwobot the Caller (level 1, -1/13 HPs)
             Began as a Mummy Summoner on May 25, 2015.
             Was an Initiate of Sif Muna.
             Slain by a quokka (4 damage)
             ... in the Dungeon (Sprint VII: "The Pits").
             The game lasted 00:01:15 (156 turns).

Zwobot the Caller (Mummy Summoner)                   Turns: 156, Time: 00:01:15

Health: -1/13      AC:  2    Str: 11    XL:     1   Next: 33%
Magic:  0/3        EV: 12    Int: 14    God:    Sif Muna [......]
Gold:   0          SH:  0    Dex: 12    Spells: 1 memorised, 3 levels left

rFire  x . .     SeeInvis .     d - +2 trident
rCold  + . .     Clarity  .     a - +0 robe
rNeg   + + +     SustAt   .     (no shield)
rPois  ∞         Gourm    .     (no helmet)
rElec  .         Spirit   .     (no cloak)
rCorr  .         Warding  .     (no gloves)
rMut   .         NoTele   +     (no boots)
MR     .....                    (no amulet)
Stlth  ++........               (no ring)
                                (no ring)

@: not resistant to hostile enchantments, unstealthy
A: no food or potions, fire vulnerability, cold resistance 1, negative energy
resistance 3, torment resistance, unbreathing
a: Renounce Religion


You were in the Dungeon.
You worshipped Sif Muna.
Sif Muna was noncommittal.
You were not hungry.

You visited 1 branch

Inventory:

Hand weapons
 d - a +2 trident (weapon)
Armour
 a - a +0 robe (worn)
Scrolls
 c - a scroll of blinking
 e - 3 scrolls of remove curse
 f - 5 scrolls of amnesia
 g - a scroll of summoning
 h - 2 scrolls of vulnerability
Books
 b - a book of Callings

   Spells                             Type                      Level
   a - Summon Small Mammal            Summoning                    1
   b - Call Imp                       Summoning                    2
   c - Call Canine Familiar           Summoning                    3
   d - Summon Guardian Golem          Hexes/Summoning              3
   e - Summon Lightning Spire         Summoning/Air                4
   f - Summon Ice Beast               Ice/Summoning                4


   Skills:
 - Level 1.7 Dodging
 - Level 1.5 Stealth
 - Level 2.1 Spellcasting
 + Level 3.9 Summonings


You had 3 spell levels left.
You knew the following spells:

 Your Spells              Type           Power        Failure   Level  Hunger
a - Summon Small Mammal   Summ           ##..         6%          1    N/A

Dungeon Overview and Level Annotations

Branches:
Dungeon (1/1)

Altars:
Ashenzari
Cheibriados
Dithmenos
Elyvilon
Fedhas
Kikubaaqudgha
Makhleb
Nemelex Xobeh
Okawaru
Ru
Sif Muna
Trog
Vehumet
Xom
Yredelemnul
Zin
The Shining One
Beogh
Jiyva
Lugonu


Innate Abilities, Weirdness & Mutations

You do not eat or drink.
Your flesh is vulnerable to fire.
You are immune to poison.
Your flesh is cold resistant.
You are immune to negative energy.
You are immune to unholy pain and torment.
You can survive without breathing.


Message History

The quokka barely misses you.
Your rat barely misses the rat.
The rat bites your rat.
Your rat dies!
Your rat's corpse disappears in a puff of smoke!
The quokka completely misses you.
Casting: Summon Small Mammal
Confirm with . or Enter, or press ? or * to list all spells.
The quokka bites you.
* * * LOW HITPOINT WARNING * * *
The rat misses something.
Unknown command.
Your quokka misses the quokka. Your quokka misses the rat.
There is an open door here.
You see here a giant newt corpse.
You miss the quokka.
The quokka is heavily wounded.
Your bat hits the rat but does no damage. x2
The quokka bites you.
You die...

############
#__________#
#__________#
#.#####'##############++
#).)'.'%!##...........
#)))#.#.(##......#..#.
#######'#####...........
#.........†.'...........
#+#####@#####......#..#.
#.b.#r# #...........
#...#r# ####'#####++
#...br# #.......#
##+#### #.......#
#.......# #...<...#
#.......# #.......#


You could see a quokka, a rat, a friendly quokka and a friendly bat.

Vanquished Creatures
  A giant cockroach (D)
  2 giant newts (D)
3 creatures vanquished.

Vanquished Creatures (others)
  A rat (D)
1 creature vanquished.

Grand Total: 4 creatures vanquished

Notes
Turn   | Place    | Note
--------------------------------------------------------------
     0 | D        | Zwobot the Mummy Summoner began the quest for the Orb.
     0 | D        | Reached XP level 1. HP: 13/13 MP: 3/3
    64 | D        | Found a sacrificial altar of Ru.
    64 | D        | Found a basalt altar of Yredelemnul.
    64 | D        | Found a shadowy altar of Dithmenos.
    64 | D        | Found a deep blue altar of Sif Muna.
    64 | D        | Found a burning altar of Makhleb.
    64 | D        | Found a shimmering altar of Xom.
    64 | D        | Found an ancient bone altar of Kikubaaqudgha.
    64 | D        | Found a sparkling altar of Nemelex Xobeh.
    65 | D        | Found a glowing golden altar of the Shining One.
    65 | D        | Found a bloodstained altar of Trog.
    65 | D        | Found a shattered altar of Ashenzari.
    65 | D        | Found a white marble altar of Elyvilon.
    65 | D        | Found a snail-covered altar of Cheibriados.
    65 | D        | Found a blossoming altar of Fedhas.
    65 | D        | Found a radiant altar of Vehumet.
    65 | D        | Found a glowing silver altar of Zin.
    65 | D        | Found a corrupted altar of Lugonu.
    65 | D        | Found a viscous altar of Jiyva.
    65 | D        | Found a roughly hewn altar of Beogh.
    65 | D        | Found an iron altar of Okawaru.
    68 | D        | Became a worshipper of Sif Muna the Loreminder
   156 | D        | Slain by a quokka

Vault maps used:
D:        pitsprint

Action                   || total
-------------------------++-------
Melee: Trident           ||    14
       Unarmed           ||     2
 Cast: Summon Small Mamm ||     5
 Stab: Sleeping          ||     1
